 Dungeon Crawl Stone Soup version 0.18.1-2-ga659475 (webtiles) character file.

22803 protoss039 the Spry (level 12, -1/168 HPs)
             Began as a Minotaur Berserker on May 8, 2016.
             Was an Elder of Trog.
             Slain by an 11-headed hydra (4 damage)
             ... on level 2 of the Lair of Beasts.
             The game lasted 01:09:59 (14106 turns).

protoss039 the Spry (Minotaur Berserker)           Turns: 14106, Time: 01:09:59

Health: -1/168     AC: 16    Str: 30      XL:     12   Next: 66%
Magic:  11/11      EV: 18    Int:  4      God:    Trog [****..]
Gold:   723        SH:  0    Dex: 10 (12) Spells: 0 memorised, 11 levels left

rFire  + . .     SeeInvis .     a - +0 hand axe
rCold  . . .     Gourm    .     B - +3 leather armour {rPois}
rNeg   . . .     Faith    .     (no shield)
rPois  +         Spirit   .     e - +2 hat
rElec  .         Dismiss  .     v - +1 cloak
rCorr  .         Reflect  .     D - +0 pair of gloves
SustAt .         Harm     .     K - +0 pair of boots (curse)
MR     ++...                    V - amulet of magic regeneration
Stlth  ..........               E - ring of protection from fire
                                J - +2 ring of protection

@: berserking, regenerating, very quick, very resistant to hostile enchantments,
extremely unstealthy
A: retaliatory headbutt, horns 2, deterioration 1
a: Berserk, Trog's Hand, Brothers in Arms, Burn Spellbooks, Renounce Religion


You were on level 2 of the Lair of Beasts.
You worshipped Trog.
Trog was greatly pleased with you.
You were not hungry.

You visited 2 branches of the dungeon, and saw 13 of its levels.

You collected 723 gold pieces.

Inventory:

Hand Weapons
 a - a +0 hand axe (weapon)
Missiles
 f - 2 throwing nets (quivered)
Armour
 e - a +2 hat (worn)
 v - a +1 cloak (worn)
 B - a +3 leather armour of poison resistance (worn)
 D - a +0 pair of gloves (worn)
 K - a cursed +0 pair of boots (worn)
Jewellery
 E - a ring of protection from fire (right hand)
 J - a +2 ring of protection (left hand)
 P - an uncursed ring of flight
 V - an amulet of magic regeneration (around neck)
Wands
 d - a wand of teleportation (3/9)
 y - a wand of teleportation (3/9)
 H - a wand of lightning (9/15)
 I - a wand of confusion (6/48)
 L - a wand of random effects (11/48)
 O - a wand of lightning (0/15)
 Q - a wand of paralysis (2/24)
Scrolls
 l - 3 scrolls of teleportation
 n - a scroll of enchant armour
 p - 2 scrolls of fog
 q - 2 scrolls of noise
 w - 2 scrolls of magic mapping
 z - 2 scrolls of fear
 A - a scroll of silence {unknown}
 F - a scroll of recharging {unknown}
 M - 4 scrolls of remove curse
 T - a scroll of blinking
Potions
 h - a potion of ambrosia
 j - a potion of agility
 m - 2 potions of flight {unknown}
 o - 4 potions of curing
 s - a potion of resistance {unknown}
 u - 2 potions of brilliance {unknown}
 x - 2 potions of heal wounds
 S - 3 potions of mutation {unknown}
Miscellaneous
 R - a plain deck of changes
Comestibles
 b - 6 fruits
 c - 5 bread rations
 r - 2 royal jellies
 t - 3 meat rations
 N - a slice of pizza


   Skills:
 + Level 11.8 Fighting
 + Level 11.7 Axes
 + Level 7.7 Armour
 + Level 15.3 Dodging
 + Level 4.6 Stealth
 + Level 1.1 Evocations


You had 11 spell levels left.
You didn't know any spells.

Dungeon Overview and Level Annotations

Branches:
Dungeon (11/15)            Temple (0/1) D:5            Lair (2/8) D:11
    Orc: D:9-12

Altars:
Fedhas
Gozag
Makhleb
Okawaru
Yredelemnul


Innate Abilities, Weirdness & Mutations

You reflexively headbutt those who attack you in melee.
You have a pair of horns on your head.
Your body sometimes deteriorates upon taking damage.


Message History

The ten-headed hydra bites you!
* * * LOW HITPOINT WARNING * * *
The ten-headed hydra bites you.
* * * LOW HITPOINT WARNING * * *
The ten-headed hydra bites you!
* * * LOW HITPOINT WARNING * * *
The ten-headed hydra bites you!
* * * LOW HITPOINT WARNING * * *
You barely miss the ten-headed hydra.
The ten-headed hydra is heavily wounded.
Unknown command.
You slice one of the ten-headed hydra's heads off!
The nine-headed hydra grows two more!
You hit the 11-headed hydra. You headbutt the 11-headed hydra.
The 11-headed hydra is heavily wounded.
The 11-headed hydra bites you!
* * * LOW HITPOINT WARNING * * *
The 11-headed hydra completely misses you.
The 11-headed hydra bites you.
You die...

.................................
.........(.......................
.................................
#................................
..#..............................
..#...............(...≈≈≈≈≈≈.....
.♣♣.................≈≈≈≈≈≈≈≈.....
[.#...............#.≈≈≈≈≈≈≈≈≈.###
.#....P......<..@..≈≈≈≈≈≈≈≈≈≈.###
#......P.........D.≈≈≈≈≈>.≈≈≈.#P#
....................≈≈≈...≈≈≈....
...................≈≈≈≈≈≈≈≈≈≈..P#
..#P#.)..............≈≈≈≈≈≈≈≈...#
######...#.........#.≈≈≈≈≈≈≈≈P.##
# #.....#.......#..≈.≈...####
#...##........####.#≈###
#...#.........########


You could see a 11-headed hydra.

Vanquished Creatures
  2 hydras
  4 hill giants
  An ugly thing (D:11)
  A cyclops (D:11)
  2 black mambas (Lair:2)
  Maurice (D:9)
  A gargoyle (D:10)
  Psyche (D:9)
  5 spiny frogs
  A rime drake (Lair:2)
  3 trolls
  2 two-headed ogres
  Grinder (D:5)
  8 blink frogs
  22 yaks
  Sigmund (D:5)
  3 wyverns
  Eustachio (D:4)
  3 hungry ghosts (D:11)
  A steam dragon (D:10)
  2 hippogriffs
  A basilisk (Lair:2)
  A soldier ant (D:9)
  4 water moccasins
  4 porcupines
  Duvessa (D:5)
  5 orc warriors
  3 sky beasts
  6 black bears
  3 phantoms
  2 necrophages
  5 ogres
  6 wolves (Lair:1)
  4 centaurs
  4 crocodiles
  3 big kobolds
  7 giant frogs
  5 scorpions
  Dowan (D:5)
  13 killer bees
  2 howler monkeys (D:8)
  4 crimson imps
  2 quasits
  2 centaur zombies
  6 orc priests
  8 hounds
  7 orc wizards
  5 giant frog skeletons
  6 iguanas
  10 worker ants
  4 sheep (Lair:1)
  A hound zombie (D:7)
  3 hound skeletons
  A howler monkey zombie (D:6)
  15 river rats
  10 adders
  A shadow imp (D:8)
  An ooze (D:4)
  3 adder skeletons
  6 worms
  A dart slug (D:4)
  6 giant geckos
  28 orcs
  5 giant cockroaches
  5 goblins
  9 hobgoblins
  7 jackals
  5 quokkas
  6 bats
  3 giant newts
  A jackal skeleton (D:4)
  15 kobolds
  13 rats
  A fungus (Lair:2)
346 creatures vanquished.

Vanquished Creatures (others)
  A fungus (Lair:2)
1 creature vanquished.

Grand Total: 347 creatures vanquished

Notes
Turn   | Place    | Note
--------------------------------------------------------------
     0 | D:1      | protoss039 the Minotaur Berserker began the quest for the Orb.
     0 | D:1      | Reached XP level 1. HP: 19/19 MP: 0/0
    66 | D:1      | Reached XP level 2. HP: 24/27 MP: 1/1
   321 | D:1      | Reached ** piety under Trog
   739 | D:2      | Reached XP level 3. HP: 24/33 MP: 2/2
  1469 | D:2      | Reached XP level 4. HP: 41/41 MP: 3/3
  2110 | D:3      | Found a burning altar of Makhleb.
  2120 | D:3      | Reached skill level 5 in Axes
  2120 | D:3      | Reached skill level 3 in Dodging
  2224 | D:3      | Reached XP level 5. HP: 47/47 MP: 4/4
  2276 | D:3      | Noticed a phantom
  2338 | D:3      | Killed a phantom
  2338 | D:3      | Reached skill level 5 in Fighting
  2690 | D:4      | Reached XP level 6. HP: 49/56 MP: 5/5
  2792 | D:4      | Noticed Eustachio
  2801 | D:4      | Reached skill level 4 in Dodging
  2816 | D:4      | Killed Eustachio
  2816 | D:4      | Reached *** piety under Trog
  2816 | D:4      | Reached skill level 1 in Stealth
  2885 | D:4      | Reached XP level 7. HP: 58/61 MP: 6/6
  3024 | D:4      | Reached skill level 5 in Dodging
  3113 | D:4      | Reached skill level 5 in Armour
  3270 | D:5      | Entered Level 5 of the Dungeon
  3273 | D:5      | Found a staircase to the Ecumenical Temple.
  3356 | D:5      | Noticed Grinder
  3367 | D:5      | Killed Grinder
  3372 | D:5      | Noticed Dowan
  3374 | D:5      | Noticed Duvessa
  3559 | D:5      | Killed Dowan
  3563 | D:5      | Killed Duvessa
  3563 | D:5      | Reached skill level 6 in Dodging
  3579 | D:5      | Reached XP level 8. HP: 70/70 MP: 7/7
  3584 | D:5      | Found Burr's Antique Weapon Shop.
  3713 | D:5      | Noticed Sigmund
  3714 | D:5      | Found a blossoming altar of Fedhas.
  3727 | D:5      | Killed Sigmund
  4089 | D:6      | Reached skill level 7 in Dodging
  4326 | D:6      | Found an iron altar of Okawaru.
  4395 | D:6      | Reached skill level 8 in Dodging
  4588 | D:6      | Reached XP level 9. HP: 79/79 MP: 8/8
  5235 | D:7      | Reached skill level 9 in Dodging
  5460 | D:7      | Found an opulent altar of Gozag.
  5460 | D:7      | Found a basalt altar of Yredelemnul.
  5998 | D:8      | Reached skill level 10 in Dodging
  6038 | D:8      | Found a basalt altar of Yredelemnul.
  6708 | D:9      | Noticed Maurice
  6722 | D:9      | Killed Maurice
  6722 | D:9      | Reached skill level 11 in Dodging
  6722 | D:9      | Reached XP level 10. HP: 90/90 MP: 9/9
  6939 | D:9      | Reached **** piety under Trog
  7518 | D:9      | Noticed Psyche
  7524 | D:9      | Killed Psyche
  7524 | D:9      | Reached skill level 12 in Dodging
  7549 | D:10     | Entered Level 10 of the Dungeon
  7549 | D:10     | Noticed a gargoyle
  7684 | D:10     | Killed a gargoyle
  7722 | D:10     | Noticed a hill giant
  7731 | D:10     | Killed a hill giant
  8155 | D:10     | Reached XP level 11. HP: 97/97 MP: 10/10
  8293 | D:10     | Noticed a hill giant
  8300 | D:10     | Killed a hill giant
  8302 | D:10     | Reached skill level 13 in Dodging
  8624 | D:11     | Noticed a five-headed hydra
  8907 | D:11     | Killed a 13-headed hydra
  8907 | D:11     | Reached skill level 10 in Axes
  9145 | D:11     | Reached skill level 10 in Fighting
  9213 | D:11     | Found a staircase to the Lair.
  9368 | D:11     | Noticed a white ugly thing
  9513 | D:11     | Killed a white ugly thing
  9681 | D:10     | Gained mutation: Your body sometimes deteriorates upon taking damage. [mutagenic meat]
  9970 | D:11     | Noticed a hill giant
  9987 | D:10     | Noticed a hill giant
  9996 | D:10     | Killed a hill giant
  9996 | D:10     | Reached skill level 14 in Dodging
 10104 | D:11     | Killed a hill giant
 10637 | Lair:1   | Entered Level 1 of the Lair of Beasts
 10927 | Lair:1   | Reached XP level 12. HP: 43/110 MP: 11/11
 12542 | Lair:2   | Noticed a seven-headed hydra
 12559 | Lair:2   | Killed a 17-headed hydra
 12559 | Lair:2   | Reached skill level 1 in Evocations
 12836 | Lair:2   | Reached skill level 15 in Dodging
 13435 | Lair:2   | Reached ***** piety under Trog
 13836 | Lair:2   | Noticed an eight-headed hydra
 14106 | Lair:2   | HP: 3/168 [11-headed hydra (11)]
 14106 | Lair:2   | Slain by an 11-headed hydra

Skill      XL: |  1  2  3  4  5  6  7  8  9 10 11 12 |
---------------+-------------------------------------+-----
Fighting       | 4 5 6 7 8 9 11 | 11.8
Axes           | 4 5 6 7 8 9 10 11 | 11.7
Armour         | 3 4 5 6 7 |  7.7
Dodging        | 3 4 6 8 11 12 14 15 | 15.3
Stealth        | 1 2 3 4 |  4.6
Evocations     | 1 |  1.1

Action                   |  1- 3 |  4- 6 |  7- 9 | 10-12 || total
-------------------------+-------+-------+-------+-------++-------
Melee: Hand axe          |    79 |   126 |   351 |   729 ||  1285
       Headbutt          |    17 |    23 |    83 |   189 ||   312
Invok: Trog's Hand       |       |     2 |    13 |    19 ||    34
       Berserk           |       |     2 |     8 |    18 ||    28
       Burn Spellbooks   |       |       |     1 |     5 ||     6
 Abil: Evoke Flight      |       |       |       |     1 ||     1
Evoke: Wand              |       |       |     2 |     9 ||    11
  Use: Scroll            |     1 |     2 |    12 |     8 ||    23
       Potion            |       |       |     3 |     3 ||     6
 Stab: Sleeping          |       |       |     3 |     8 ||    11
       Paralysed         |       |       |       |     1 ||     1
  Eat: Chunk             |     2 |     7 |     8 |    17 ||    34
       Bread ration      |       |       |     3 |     3 ||     6
       Beef jerky        |       |       |       |    10 ||    10
       Meat ration       |       |       |       |     2 ||     2
       Fruit             |       |       |       |     1 ||     1
Armor: Leather armour    |     6 |       |   161 |   295 ||   462
       Animal skin       |     5 |       |       |       ||     5
       Ring mail         |    12 |    41 |       |       ||    53
Dodge: Dodged            |    48 |    85 |   284 |   769 ||  1186
